 Dungeon Crawl Stone Soup version 0.31-a0-1159-g800acc2fd1 (webtiles) character file.

Game seed: 11962262690186506320

3 GordonOverkill the Sneak (level 1, -5/11 HPs)
             Began as a Spriggan Delver on Dec 7, 2023.
             Succumbed to a kobold brigand's curare-tipped dart
             ... on level 6 of the Dungeon.
             The game lasted 00:02:33 (397 turns).

GordonOverkill the Sneak (Spriggan Delver)           Turns: 397, Time: 00:02:33

Health: -5/11      AC:  2    Str:  8    XL:     1   Next: 41%
Magic:  2/2        EV: 17    Int: 11    God:
Gold:   42         SH:  0    Dex: 16    Spells: 0/0 levels left

rFire   . . .        a - +0 short sword
rCold   . . .        (no shield)
rNeg    . . .        b - +0 robe
rPois   .            (helmet restricted)
rElec   .            (no cloak)
rCorr   +            (gloves unavailable)
SInv    +            (boots unavailable)
Will    .....        (no amulet)
Stlth   ++++         h - ring of resist corrosion
HPRegen 0.21/turn    (no ring)
MPRegen 0.08/turn

%: no passive effects
@: lethally poisoned (-5 -> -19), slowed, quick
A: very small, no large weapons, unfitting armour, see invisible, speed 3
a: no special abilities


You were on level 6 of the Dungeon.
You visited 1 branch of the dungeon, and saw 3 of its levels.

You collected 42 gold pieces.

Inventory:

Hand Weapons
 a - a +0 short sword (weapon)
Armour
 b - a +0 robe (worn)
Jewellery
 h - a ring of resist corrosion (left hand)
Wands
 g - a wand of digging (3)
Scrolls
 c - a scroll of fog
 d - a scroll of revelation
 e - a scroll of fear
 j - a scroll of enchant armour {unknown}
 k - a scroll of amnesia {unknown}
Potions
 f - 2 potions of haste
 i - a potion of heal wounds {unknown}


   Skills:
 + Level 2.5 Fighting
 + Level 2.3 Short Blades
 - Level 2.6 Dodging
 - Level 7.2 Stealth


You couldn't memorise any spells.
You didn't know any spells.
Your spell library contained the following spells:

 Spells                   Type           Power      Damage    Failure   Level
 Cigotuvi's Dreadful Rot  Necr/Pois/Air  0%         N/A       47%         2
 Ignite Poison            Fire/Tmut/Pois 0%         N/A       71%         3
 Freezing Cloud           Conj/Ice/Air   0%         6-21      100%        5


Dungeon Overview and Level Annotations

Branches:
Dungeon (7/15)
 Temple: D:4-7

Altars:
Ashenzari

Shops:
D:7 *


Innate Abilities, Weirdness & Mutations

You are very small and have problems with some larger weapons.
You are too small for most types of armour.
You have supernaturally acute eyesight. (SInv)
You cover ground extremely quickly. (Speed+++)


Message History

You see here a +0 ring mail.
Found 8 gold pieces.
Found a stone staircase leading down.
You now have 42 gold pieces (gained 8).
There is a stone staircase leading down here.
You climb downwards.
There is a stone staircase leading up here.
You open the door.
There is an open door here.
There is a stone staircase leading up here.
There is a stone staircase leading down here.
You climb downwards.
Found a scroll labelled MIAGIPR WIQAKA.
Found Edingaink's Assorted Antiques.
Found a stone staircase leading down.
There is a stone staircase leading up here.
Unknown command.
The helpless kobold fails to defend itself.
You impale the kobold!!
You kill the kobold!
The helpless kobold fails to defend itself.
You impale the kobold!!
You kill the kobold!
Unknown command.
The helpless kobold fails to defend itself.
You impale the kobold!!
You kill the kobold!
The kobold throws a stone.
The stone barely misses you.
The kobold brigand shouts!
The kobold shouts!
The kobold brigand throws a curare-tipped dart.
The curare-tipped dart hits you.
You are lethally poisoned!
You have difficulty breathing.
Ouch! That really hurt!
* * * LOW HITPOINT WARNING * * *
You feel yourself slow down.
The kobold throws a stone.
The stone closely misses you.
The kobold shouts!
You climb upwards.
Ouch! That really hurt!
You die...

#.######## #.#
#........########.########
#.#.######..................
#.#.###############.........
#.#........#........########
#.########'#..####..#
#####.........<.........########
..........##......###...#.......
...............@................
######.#..#......#####.#######.
#.#..####...# #...5...<.#.
#.#..# #...# #o#......##. #$#...
#...# #.#.####.##. ........#..##
#...###.#.#...>.#. ...........#
#.......#.#.##..#. ......o....#
#....##.#.#.##..#. .._.......##
#....####.#.##..#<


There were no monsters in sight!

Vanquished Creatures
  3 kobolds (D:7)
3 creatures vanquished.

Notes
Turn   | Place    | Note
-------+----------+-------------------------------------------
     0 | D:5      | GordonOverkill the Spriggan Delver began the quest for the
                  | Orb.
     0 | D:5      | Reached XP level 1. HP: 11/11 MP: 2/2
    85 | D:6      | Found a broken altar of Ashenzari.
    85 | D:6      | Noticed a hound
    85 | D:6      | Noticed an orc priest
   190 | D:5      | Noticed an orc wizard
   190 | D:5      | Noticed a phantom
   209 | D:5      | Noticed a howler monkey
   230 | D:5      | Noticed a hound
   307 | D:5      | Noticed a phantom
   307 | D:5      | Noticed an iguana
   307 | D:5      | Noticed a hound
   308 | D:5      | Noticed an iguana
   392 | D:7      | Noticed a kobold brigand
   392 | D:7      | Found Edingaink's Assorted Antiques.
   397 | D:6      | Succumbed to a kobold brigand's curare-tipped dart

Illustrated notes

Levels and vault maps discovered:
D:5:      layout_loops_ring, grunt_decor_fettered, st_stairs_9
D:6:      layout_basic, overflow_temple_1_default, lemuel_crystal_altar,
          kennysheep_mini, minmay_temple_entry_arrows, dk_noncrumbling_4
D:7:      layout_cave_pods, gammafunk_temple_overflow_elements, serial_shops,
          nicolae_stop_n_shop_2, uniq_duvessa

Action                     || total
---------------------------++-------
  Melee: Short sword       ||    17
   Stab: Sleeping          ||     3
 Armour: Robe              ||     4
  Dodge: Dodged            ||    10

Table legend: (Time is in decaauts)
 A = Elapsed time spent in this place.
 B = Non-inter-level travel time spent in this place.
 C = Inter-level travel time spent in this place.
 D = Time resting spent in this place.
 E = Time spent auto-exploring this place.
 F = Levels seen in this place.
 G = Mean time per level.
                   A        B        C        D        E       F      G
               +--------+--------+--------+--------+--------+-----+--------+
         Total |    266 |    266 |      0 |     34 |      0 |   3 |   88.7 |
       Dungeon |    266 |    266 |      0 |     34 |      0 |   3 |   88.7 |
               +--------+--------+--------+--------+--------+-----+--------+

Top non-repeatable levels by time:
     D:5: 158 daAuts
     D:6: 103 daAuts
     D:7: 4 daAuts
